AoeStats
← Dragon Extreme

Arabian Desert

510257502Analyzed
1v1 RM · 21h ago on Sep 30, 2026· 25m 48s· 2 players
Game mode
Random Map
Map size
Tiny (2 player)
Population
200
Speed
Normal
Resources
Standard
Victory
Conquest
Starting age
Dark Age
Ending age
Imperial Age
RankedLock teamsTeams togetherTeam positionsShared explorationLock speedFull tech treeHidden civsTurbo modeCheats
Victory
Defeat
🇨🇿 Chinese · Czechia
1439
+17
🇨🇴 Spanish · Colombia
1471
-17
Z3phyr
0:26 Loom
8:50 Feudal Age
9:35 Double-Bit Axe
14:21 Padded Archer Armor
19:29 Fletching
23:01 Castle Age
22:29 Horse Collar
22:53 Gold Mining
23:08 Crossbowman
23:44 Bodkin Arrow
24:00 Bow Saw
25:43 Gold Shaft Mining
25:59 Ballistics
Dragon Extreme
5:27 Loom
5:31 Loom
6:01 Loom
6:40 Loom
8:50 Feudal Age
11:46 Fletching
17:54 Padded Archer Armor
21:17 Double-Bit Axe
21:25 Gold Mining
Connection lost

Rejoining the realm…

Still unreachable

The connection could not be restored.

Session expired

The server has moved on; the page needs a fresh start.